Map: Ruins of Endion

Players

Miszu - Winner!

  • Race: Terran Terran
  • League: Master

soon

  • Race: Zerg Zerg
  • League: Master

VOD

Have the link to the VOD?

Description

Time

  • Played on: April 20, 2016, 2:03 p.m.
  • Length: 11:09
Show
View Real Time Build Order
Export as new Build Order

Miszu Terran - Winner!

Build Orders: Reaper Expand, MMM Bio 

Get SALT Encoding   

  12  0:01  SCV  
  13  0:13  SCV  
  14  0:18  Supply Depot  
  14  0:25  SCV  
  15  0:39  SCV  
  15  0:40  Barracks  
  16  0:44  Refinery  
  16  0:51  SCV  
  17  1:04  SCV  
  18  1:16  SCV  
  19  1:28  Orbital Command  
  19  1:30  Reaper  
  20  1:42  Command Center  
  20  1:51  Supply Depot  
  21  1:54  SCV  
  21  2:04  Marine  
  21  2:06  SCV  
  23  2:17  Factory  
  23  2:18  SCV  
  24  2:30  SCV  
  25  2:38  Command Center  
  25  2:40  Barracks Reactor  
  25  2:43  SCV  
  26  2:53  Refinery  
  26  2:55  SCV  
  27  3:01  Orbital Command  
  27  3:07  SCV  
  27  3:10  Barracks  
  28  3:19  SCV  
  29  3:24  Hellion x2  
  29  3:27  SCV  
  33  3:31  SCV  
  34  3:39  Barracks Tech Lab, SCV  
  34  3:44  SCV  
  34  3:51  SCV  
  36  3:55  Orbital Command  
  36  3:56  SCV  
  36  4:00  Factory Reactor  
  36  4:03  Barracks  
  36  4:06  Stimpack  
  36  4:08  SCV  
  37  4:12  SCV  
  38  4:17  Marine  
  38  4:19  Marine  
  38  4:20  SCV  
  38  4:22  SCV  
  43  4:24  SCV  
  43  4:29  Engineering Bay  
  43  4:30  Engineering Bay  
  43  4:32  SCV  
  43  4:36  SCV x2  
  46  4:41  Supply Depot, Marine  
  46  4:44  SCV  
  48  4:48  SCV  
  48  4:49  Refinery  
  48  4:50  Refinery  
  48  4:51  Factory Reactor  
  49  4:53  Starport  
  49  4:54  SCV  
  49  4:56  SCV  
  49  4:57  Terran Infantry Weapons Level 1, Terran Infantry Armor Level 1  
  51  5:00  Marine x2, SCV  
  51  5:06  Marine  
  55  5:07  Marine x2  
  57  5:18  Marine x2  
  57  5:20  SCV  
  57  5:24  Marine  
  57  5:25  Marine x2, SCV  
  62  5:32  SCV  
  62  5:35  Marine  
  62  5:36  Marine  
  62  5:39  Barracks, SCV, Factory Reactor  
  62  5:41  Barracks  
  62  5:42  Marine x3  
  66  5:49  Medivac x2  
  72  5:50  Supply Depot  
  72  5:53  Marine  
  72  5:54  Supply Depot, Marine  
  72  5:56  Orbital Command  
  74  5:57  Supply Depot, SCV  
  74  5:58  SCV  
  74  6:00  Marine  
  74  6:01  Supply Depot  
  77  6:08  Armory  
  77  6:11  Marine x2, SCV x2  
  77  6:16  Marine x2  
  77  6:18  Marine  
  84  6:24  SCV x2  
  84  6:25  Medivac x2  
  90  6:29  SCV, Factory Tech Lab  
  91  6:33  Marauder  
  91  6:35  Barracks Reactor x2  
  91  6:36  SCV x2  
  95  6:41  SCV  
  95  6:43  Marine x3  
  95  6:44  Combat Shields  
  99  6:48  SCV x2  
  99  6:52  Marine  
  99  6:53  SCV  
  103  7:11  Marine x4, Marauder  
  103  7:12  Marine x2  
  109  7:18  Supply Depot  
  109  7:19  Supply Depot  
  109  7:27  Marine x2, Medivac x2  
  109  7:28  Supply Depot x2  
  109  7:29  Supply Depot, Marine x2  
  117  7:37  Supply Depot, Marine, SCV  
  117  7:38  SCV  
  117  7:39  Marine x2  
  117  7:40  Marauder, Marine, Siege Tank  
  118  7:45  Marine x2  
  118  7:47  Marine  
  118  7:49  Marine  
  119  7:54  Marine, Barracks  
  119  7:55  Barracks x2  
  119  7:57  Marine x2  
  119  7:58  Marine  
  121  7:59  Medivac x2  
  121  8:01  Marauder  
  121  8:05  Supply Depot, Concussive Shells  
  128  8:08  Marine x2  
  130  8:16  Marine x2  
  130  8:17  Marine x4  
  130  8:18  Siege Tank  
  139  8:23  Marauder  
  139  8:26  Marine x2  
  142  8:30  Supply Depot  
  142  8:32  Supply Depot  
  142  8:34  Marine  
  142  8:35  Marine  
  142  8:37  Marine  
  142  8:38  Medivac  
  142  8:39  Marine  
  148  8:42  Marine x2  
  148  8:43  Barracks Tech Lab  
  148  8:44  Marauder  
  152  8:49  Barracks Tech Lab  
  152  8:50  Barracks Tech Lab  
  152  8:53  Refinery  
  152  8:54  Refinery  
  152  9:05  Marauder  
  152  9:06  Marine x4, Marauder  
  152  9:07  Marine x3  
  163  9:27  Marauder  
  163  9:29  Marine x8, Marauder x2, Factory Tech Lab  
  177  9:33  Command Center  
  177  9:35  Factory  
  177  9:40  Marauder  
  174  9:48  Marine, Marauder  
  174  9:50  Marauder  
  167  9:57  Marine x7, Marauder  
  154  10:01  Marine  
  154  10:06  Marine  
  153  10:09  Marine  
  153  10:11  Marine  
  153  10:14  Marine, Medivac x2  
  153  10:15  Marine x5  
  153  10:18  Marauder  
  153  10:19  Marauder, Siege Tank  
  168  10:26  Factory Tech Lab  
  168  10:27  Marine  
  168  10:28  Marine  
  165  10:42  Marine  
  166  10:43  Marine x5, Marauder  
  166  10:49  Marine  
Show
View Real Time Build Order
Export as new Build Order

soon Zerg 

Build Orders: Hatch First 

Get SALT Encoding   

  12  0:01  Drone  
  13  0:12  Overlord  
  13  0:22  Drone  
  14  0:32  Drone x2  
  16  0:37  Drone  
  17  0:53  Hatchery  
  17  0:55  Drone  
  17  1:00  Drone  
  18  1:13  Spawning Pool  
  18  1:16  Extractor  
  18  1:17  Drone  
  17  1:22  Drone  
  18  1:30  Drone  
  19  1:43  Overlord  
  19  2:00  Queen  
  21  2:03  Zergling x4  
  21  2:05  Zergling x2  
  21  2:06  Queen  
  26  2:11  Drone  
  27  2:17  Metabolic Boost  
  27  2:20  Overlord  
  27  2:22  Drone  
  28  2:30  Spore Crawler  
  28  2:33  Drone  
  28  2:34  Drone  
  31  2:37  Drone  
  31  2:47  Queen, Drone  
  34  2:54  Zergling x2  
  34  2:55  Zergling x2  
  36  3:05  Drone x2  
  38  3:10  Queen  
  38  3:12  Drone  
  41  3:22  Overlord  
  41  3:25  Drone x3  
  44  3:35  Overlord  
  44  3:50  Hatchery  
  44  3:51  Drone x4  
  47  3:56  Drone x4  
  47  4:00  Drone x2  
  51  4:06  Extractor  
  51  4:08  Overlord, Queen  
  51  4:09  Baneling Nest  
  51  4:11  Zergling x4  
  51  4:14  Zergling x2  
  51  4:16  Spore Crawler  
  53  4:21  Drone  
  54  4:26  Drone  
  54  4:30  Zergling x4, Evolution Chamber  
  56  4:32  Evolution Chamber  
  56  4:36  Drone x2  
  56  4:38  Spore Crawler  
  56  4:39  Drone  
  57  4:46  Drone  
  57  4:47  Drone x3  
  57  4:52  Drone  
  62  5:04  Drone x4  
  66  5:11  Zerg Missile Weapons Level 1  
  66  5:12  Lair, Zerg Ground Armor Level 1  
  65  5:14  Roach Warren  
  65  5:15  Drone x2  
  66  5:25  Drone  
  66  5:28  Drone  
  66  5:29  Drone  
  66  5:40  Overlord x2  
  66  5:41  Overlord  
  66  5:44  Hatchery  
  66  5:45  Drone  
  66  5:49  Extractor x2  
  64  5:50  Drone x2  
  66  6:01  Drone x3  
  66  6:02  Drone x4  
  73  6:06  Drone x6  
  73  6:07  Drone x3  
  82  6:12  Extractor  
  82  6:13  Extractor  
  82  6:14  Hatchery  
  82  6:16  Roach x2  
  83  6:34  Roach, Drone  
  83  6:35  Roach x2  
  83  6:37  Overlord x4  
  83  6:39  Overlord  
  90  6:43  Overlord  
  90  6:45  Overlord  
  90  6:46  Overlord  
  90  6:47  Glial Reconstitution  
  90  6:49  Overlord  
  90  6:51  Overlord  
  88  7:01  Roach x3  
  80  7:10  Roach x5  
  72  7:18  Roach x2  
  76  7:23  Ravager  
  76  7:24  Ravager x5  
  76  7:27  Ravager  
  76  7:29  Roach  
  74  7:46  Roach x4  
  76  7:56  Hatchery  
  74  7:59  Drone x7  
  79  8:08  Drone  
  79  8:24  Roach x2  
  79  8:25  Roach x4  
  90  8:29  Zerg Missile Weapons Level 2  
  90  8:31  Roach  
  92  8:35  Roach  
  92  8:36  Roach  
  92  8:38  Drone  
  97  8:45  Roach  
  97  8:46  Roach x2  
  98  8:50  Roach  
  100  8:57  Roach x3  
  100  9:00  Roach  
  110  9:03  Roach  
  110  9:06  Roach  
  112  9:13  Roach  
  112  9:14  Roach  
  116  9:19  Queen  
  116  9:21  Drone x4  
  116  9:22  Zergling x2  
  116  9:23  Zergling x2  
  124  9:27  Zergling x6  
  124  9:30  Drone  
  124  9:31  Drone x2  
  130  9:36  Drone  
  108  9:53  Roach  
  108  9:54  Roach x2  
  108  9:58  Roach  
  91  10:09  Roach  
  91  10:10  Roach x2  
  91  10:12  Zergling x2  
  91  10:13  Zergling x20  
  108  10:21  Drone  
  108  10:22  Drone  
  108  10:25  Ravager  
  89  10:37  Roach  
  89  10:38  Roach x2  
  89  10:39  Zergling x2  
  89  10:40  Zergling x12  
  96  10:45  Drone  
  96  10:47  Zergling x6  
Tags
 
Add a new tag
Caveats
  • Supply blocks, unpowered buildings, or Contaminate may cause inaccurate times.
  • Supply counts are checked every 10 seconds.